 Dungeon Crawl Stone Soup version 0.23.2-1-ga50397a (webtiles) character file.

Game seed: 14647701656157652800

108 xveg the Chopper (level 4, -1/38 HPs)
             Began as a Minotaur Gladiator on May 8, 2019.
             Was an Initiate of Gozag.
             Succumbed to a water moccasin's poison
             ... on level 3 of the Dungeon.
             The game lasted 00:03:33 (1514 turns).

xveg the Chopper (Minotaur Gladiator)               Turns: 1514, Time: 00:03:35

Health: -1/38      AC:  4    Str: 24    XL:     4   Next: 58%
Magic:  3/3        EV: 19    Int: 10    God:    Gozag
Gold:   205        SH:  0    Dex: 17    Spells: 3/3 levels left

rFire    + . .     SeeInvis .   t - -1 glaive (curse)
rCold    + . .     Gourm    .   (shield currently unavailable)
rNeg     . . .     Faith    .   n - +1 leather armour
rPois    +         Spirit   .   c - +0 hat
rElec    +         Reflect  .   (no cloak)
rCorr    +         Harm     .   (no gloves)
MR       .....                  (no boots)
Stlth    ++........             (no amulet)
HPRegen  0.12/turn              (no ring)
MPRegen  0.08/turn              (no ring)

@: mighty, brilliant, agile, lethally poisoned (-1 -> -25), resistant
A: retaliatory headbutt, horns 2
a: Potion Petition, Call Merchant, Bribe Branch, Renounce Religion


You were on level 3 of the Dungeon.
You worshipped Gozag.
Gozag was aware of your devotion.
You were near starving.

You visited 1 branch of the dungeon, and saw 3 of its levels.

You collected 234 gold pieces.
You paid 29 gold pieces to Gozag.

Inventory:

Hand Weapons
 a - a +2 short sword of electrocution
 b - a +0 hunting sling
 k - a +0 war axe
 t - a cursed -1 glaive (weapon)
Missiles
 d - 3 throwing nets (quivered)
 o - 29 stones
Armour
 c - a +0 hat (worn)
 n - a +1 leather armour (worn)
Scrolls
 e - a scroll of enchant armour
 h - 2 scrolls of teleportation
Potions
 j - 2 potions of berserk rage {unknown}
 q - a potion of cancellation {unknown}
 s - a potion of brilliance {unknown}
Comestibles
 f - 5 rations


   Skills:
 + Level 3.0 Fighting
 + Level 0.7 Short Blades
 + Level 4.3 Axes
 + Level 1.8(2.4) Slings
 + Level 2.1(2.4) Throwing
 + Level 1.3 Armour
 + Level 4.2 Dodging
 + Level 0.1 Stealth


You had 3 spell levels left.
You didn't know any spells.
Your spell library was empty.

Dungeon Overview and Level Annotations

Branches:
Dungeon (3/15)

Altars:
Gozag
Kikubaaqudgha
Okawaru
Qazlal

Annotations:
D:3 1 runed translucent door, Paps's ghost, amateur TrFi


Innate Abilities, Weirdness & Mutations

You reflexively headbutt those who attack you in melee.
You have a pair of horns on your head.


Message History

* * * LOW HITPOINT WARNING * * *
You feel sick. The water moccasin closely misses you.
The water moccasin misses you.
You hit the water moccasin.
The water moccasin is almost dead.
* * * LOW HITPOINT WARNING * * *
You feel sick. The water moccasin bites you.
* * * LOW HITPOINT WARNING * * *
You are more poisoned.
The water moccasin poisons you! The water moccasin bites you.
* * * LOW HITPOINT WARNING * * *
The water moccasin closely misses you. [a] - 0 gold - heal wounds, curing and magic [b] - 0 gold - resistance, agility, might and brilliance [c] - 0 gold - resistance, might and agility Purchase which effect?
You feel protected.
You feel agile all of a sudden.
You feel very mighty all of a sudden.
You feel clever all of a sudden.
You die...
Your body crumbles into a pile of gold.

*,**************,*,****
*,,,,...,,,,,,,,,*,,,,,
*,####..,,,,,,,,,*,****
*,#..#.#**********,* *,#..#.# *,*
*,#..#.# *,**** *,#))#.# *,,,,,
###########,#§§#S# *,,***
..........#.#§§#@# *,,***
.########.#.#§§#.######*****,,,,,
.# #.#.#§§.........,,,,*,*** .#
#.#.#§..........,,,,,,,,, .#
#.#.#...########***,*,*** .#
#.#.#...# *,*,,,, .# #.#.#...#
*****,****, .# #.#)#..##
*,,,*,,,,,, .#
#.#.#.#********,*,*******


You could see a water moccasin.

Vanquished Creatures
  A jelly (D:3)
  2 adders
  5 dart slugs
  2 leopard geckos
  3 orcs (D:3)
  8 hobgoblins
  2 jackals (D:1)
  2 ball pythons
  5 bats
  5 frilled lizards
  2 goblins
  4 kobolds
  7 rats
48 creatures vanquished.

Notes
Turn   | Place    | Note
-------+----------+-------------------------------------------
     0 | D:1      | xveg the Minotaur Gladiator began the quest for the Orb.
     0 | D:1      | Reached XP level 1. HP: 18/18 MP: 0/0
   137 | D:1      | Reached XP level 2. HP: 22/25 MP: 1/1
   285 | D:1      | Reached XP level 3. HP: 23/30 MP: 2/2
   776 | D:2      | Found an iron altar of Okawaru.
   996 | D:2      | Found an ancient bone altar of Kikubaaqudgha.
   997 | D:2      | Found an opulent altar of Gozag.
   998 | D:2      | Found a stormy altar of Qazlal.
  1044 | D:2      | Became a worshipper of Gozag Ym Sagoz the Greedy
  1179 | D:3      | Reached skill level 1 in Slings
  1179 | D:3      | Reached XP level 4. HP: 38/38 MP: 3/3
  1208 | D:3      | Reached skill level 1 in Armour
  1358 | D:3      | Found a runed translucent door.
  1360 | D:3      | Noticed Paps's ghost (amateur TrFi)
  1360 | D:3      | Noticed a bullfrog
  1505 | D:3      | Noticed a water moccasin
  1513 | D:3      | HP: 1/38 [water moccasin (2)]
  1514 | D:3      | Succumbed to a water moccasin's poison

Skill      XL: |  1  2  3  4 |
---------------+-------------+-----
Axes           | 4 |  4.3
Dodging        | 4 |  4.2
Fighting       | 3 |  3.0
Slings         | 1 |  1.8
Armour         | 1 |  1.3
Short Blades   | |  0.7
Throwing       | |  2.1
Stealth        | |  0.1

Action                   |  1- 3 |  4- 6 || total
-------------------------+-------+-------++-------
Melee: War axe           |    32 |       ||    32
       Headbutt          |     4 |     3 ||     7
       Short sword       |     8 |    13 ||    21
       Glaive            |       |     6 ||     6
 Fire: Hunting sling     |    31 |     9 ||    40
Invok: Potion Petition   |       |     1 ||     1
  Use: Scroll            |       |     8 ||     8
Armor: Leather armour    |    11 |     5 ||    16
Dodge: Dodged            |    47 |    19 ||    66
